 Dungeon Crawl Stone Soup version 0.31-a0-557-g6e16503903 (webtiles) character file.

Game seed: 16813629932785772537

16098 javelincjr the Fighter (level 12, -1/94 HPs)
             Began as a Demonspawn Fighter on Aug 16, 2023.
             Was an Elder of Makhleb.
             Killed by divine providence
             ... invoked by an orc priest
              (12 damage)
             ... on level 2 of the Orcish Mines.
             The game lasted 00:47:40 (11947 turns).

javelincjr the Fighter (Demonspawn Fighter)        Turns: 11947, Time: 00:47:41

Health: -1/94      AC: 22    Str: 20    XL:     12   Next: 7%
Magic:  17/17      EV: 12    Int: 11    God:    Makhleb [****..]
Gold:   1341       SH:  5    Dex: 13    Spells: 11/11 levels left

rFire   . . .        V - +3 short sword (drain)
rCold   . . .        (no shield)
rNeg    . . .        T - +3 scale mail
rPois   .            f - +0 helmet
rElec   .            E - +2 cloak {rCorr}
rCorr   +            (gloves unavailable)
SInv    .            q - +1 pair of boots
Will    +....        Y - amulet of reflection
Stlth   ++           w - +4 ring of protection
HPRegen 0.35/turn    J - ring of flight
MPRegen 0.15/turn

%: reflection
@: mighty, flying, hasted, very quick
A: foul stench 2, spiny 1, demonic willpower, demonic touch 3
a: Renounce Religion, Minor Destruction, Lesser Servant of Makhleb, Major
Destruction


You were on level 2 of the Orcish Mines.
You worshipped Makhleb.
Makhleb was greatly pleased with you.
You visited 3 branches of the dungeon, and saw 13 of its levels.
You also visited: Sewer and Bailey.

You collected 1341 gold pieces.

Inventory:

Hand Weapons
 r - a +4 dagger
 u - a +2 rapier of draining
 G - a +1 sling of draining
 S - a +1 short sword of distortion
 V - a +3 short sword of draining (weapon)
 W - the +3 dire flail of Amorality {protect, Fly rF+ Str+3 Dex-5}
   (You found it in a bailey)

   Str+3:     It affects your strength (+3).
   Dex-5:     It affects your dexterity (-5).
   rF+:       It protects you from fire.
   Fly:       It grants you flight.
 X - a +4 sling of flaming
Missiles
 t - 29 poisoned darts (quivered)
 R - a curare-tipped dart
 U - 2 throwing nets
Armour
 e - a +2 cloak
 f - a +0 helmet (worn)
 i - a +0 plate armour
 m - a +1 chain mail of poison resistance
 q - a +1 pair of boots (worn)
 E - a +2 cloak of preservation (worn)
 Q - +0 acid dragon scales
 T - a +3 scale mail (worn)
Jewellery
 w - a +4 ring of protection (left hand)
 y - a ring of protection from fire
 A - a +4 ring of protection
 J - a ring of flight (right hand)
 K - a +4 ring of slaying
 O - an amulet of the acrobat
 Y - an amulet of reflection (around neck)
Wands
 a - a wand of polymorph (11)
 g - a wand of flame (42)
 n - a wand of mindburst (11)
 x - a wand of paralysis (30)
 C - a wand of quicksilver (4)
 F - a wand of roots (17)
Scrolls
 b - a scroll of noise
 c - a scroll of amnesia {unknown}
 k - 2 scrolls of fear
 l - 6 scrolls of revelation
 p - 2 scrolls of butterflies
 v - 3 scrolls of poison
 z - 9 scrolls of teleportation
 N - 2 scrolls of fog
Potions
 d - a potion of might
 h - 5 potions of curing
 j - a potion of invisibility
 o - a potion of brilliance {unknown}
 s - 2 potions of heal wounds
 D - a potion of cancellation {unknown}
 H - a potion of mutation {unknown}
 I - a potion of attraction {unknown}
 L - a potion of lignification {unknown}
 M - a potion of haste
 P - a potion of degeneration {unknown}
 Z - a potion of berserk rage {unknown}


   Skills:
 + Level 8.4 Fighting
 + Level 5.5 Short Blades
 + Level 7.4 Polearms
 + Level 7.6 Armour
 + Level 6.8 Dodging
 + Level 5.7 Stealth
 - Level 7.0 Shields
 + Level 7.6 Invocations


You had 11 spell levels left.
You didn't know any spells.
Your spell library contained the following spells:

 Spells                   Type           Power      Damage    Failure   Level
 Magic Dart               Conj           0%         1d3       65%         1
 Shock                    Conj/Air       0%         1d3       65%         1
 Searing Ray              Conj           0%         2d4       80%         2
 Swiftness                Air            0%         N/A       95%         3
 Airstrike                Air            0%         2d(0-16)  100%        4
 Fulminant Prism          Conj/Hex       0%         3d5       100%        4


Dungeon Overview and Level Annotations

Branches:
Dungeon (10/15)            Temple (1/1) D:6             Orc (2/2) D:10
  Sewer (visited)          Bailey (visited)
   Lair: D:8-11         Elf: Orc:2

Altars:
Ashenzari
Cheibriados
Dithmenos
Fedhas
Gozag
Hepliaklqana
Kikubaaqudgha
Makhleb
Nemelex Xobeh
Okawaru
Qazlal
Ru
Sif Muna
Trog
Uskayaw
Vehumet
Wu Jian
Xom
Yredelemnul

Shops:
D:3 =


Innate Abilities, Weirdness & Mutations

You sometimes emit foul miasma when damaged in melee.
You are partially covered in sharp spines.
You punish those that try to bend your will. (Will+)
Your touch may irresistibly damage your foes and sap their willpower.


Message History

You feel better. The orc hits you but does no damage.
Things that are here:
a +0 glaive; a +0 chain mail; an orc corpse An orc high priest comes into view.
It is wielding a +0 halberd.
The orc high priest shouts!
You hear a shout! x3
An orc priest comes into view. It is wielding a +0 flail.
You hear a shout!
An orc priest comes into view. It is wielding a +0 flail.
The orc barely misses you.
The orc high priest utters an invocation to Beogh.
The orc priest shouts!
The sixfirhy closely misses you. The orc closely misses you.
An orc priest comes into view. It is wielding a +0 hand axe.
You block the sixfirhy's attack.
The sixfirhy hits you but does no damage. x2
The orc priest miscasts a cantrip.
The sixfirhy is struck by your spines.
The sixfirhy hits you but does no damage.
The sixfirhy attacks as you move away! The sixfirhy is struck by your spines.
The sixfirhy barely misses you.
The orc priest calls down the wrath of Beogh upon you.
Beogh smites you!
* * * LOW HITPOINT WARNING * * *
You feel much better.
You feel yourself speed up.
The sixfirhy hits you but does no damage.
You block the sixfirhy's attack.
The sixfirhy hits you but does no damage.
The sixfirhy barely misses you.
The sixfirhy hits you but does no damage.
The orc priest looks braver for a moment.
The orc priest looks encouraged for a moment.
The orc high priest says, "All sinners must die."
The sixfirhy is struck by your spines. The sixfirhy hits you.
* * * LOW HITPOINT WARNING * * *
The sixfirhy shocks you!
* * * LOW HITPOINT WARNING * * *
The orc priest mumbles some strange prayers to Beogh against you.
Beogh smites you!
You die...

...##........o.o.# '
#...##...........#
...........o..).#
#...........)#
##..o..#.#.))#####
#..ooo....#.))..†.
#...#.o...........
##3..o)....########
#.@.....†..##.##
##.#..)........#
#.......##.##.###
#.............##.##
##................##
......#.............
.....................
#................#...
...........#....#...


You could see an orc high priest, a sixfirhy (summoned), 4 orc priests and 2
orcs.

Vanquished Creatures
  Snorg (Orc:2)
  3 two-headed ogres
  2 orc high priests (Orc:2)
  A deep elf pyromancer (Bailey)
  An orc knight (Bailey)
  3 orc sorcerers
  Joseph (D:7)
  A gargoyle (D:10)
  Maggie (D:7)
  Psyche (D:8)
  4 trolls
  Sigmund (D:2)
  A wyvern (D:10)
  11 yaks
  2 steam dragons
  5 wargs (Orc:2)
  Duvessa (D:5)
  2 acid dragons
  3 water moccasins
  4 sky beasts
  19 orc warriors
  6 ogres
  2 black bears (D:6)
  3 centaurs
  A phantom (D:1)
  5 kobold brigands
  3 bullfrogs
  A scorpion (D:4)
  Dowan (D:5)
  An oklob sapling (D:6)
  2 howler monkeys (D:7)
  4 hounds
  3 jellies
  11 orc priests
  Crazy Yiuf (D:4)
  4 gnoll boudas
  2 sleepcaps (D:6)
  2 iguanas (D:4)
  6 orc wizards
  Ijyb (D:4)
  14 adders
  16 gnolls
  3 white imps
  A worm (D:2)
  6 dart slugs
  52 orcs
  17 ball pythons
  4 bats
  19 endoplasms
  11 giant cockroaches
  11 goblins
  4 hobgoblins
  12 quokkas
  A ball python zombie (D:2)
  9 frilled lizards
  A giant cockroach zombie (D:2)
  A jackal skeleton (D:2)
  11 kobolds
  2 rats
322 creatures vanquished.

Vanquished Creatures (others)
  A kobold (D:8)
1 creature vanquished.

Grand Total: 323 creatures vanquished

Notes
Turn   | Place    | Note
-------+----------+-------------------------------------------
     0 | D:1      | javelincjr the Demonspawn Fighter began the quest for the
                  | Orb.
     0 | D:1      | Reached XP level 1. HP: 18/18 MP: 1/1
   734 | D:1      | Gained mutation: You may rarely emit foul miasma when
                  | damaged in melee. [demonic ancestry]
   734 | D:1      | Reached XP level 2. HP: 24/24 MP: 2/2
   963 | D:2      | Reached XP level 3. HP: 23/29 MP: 3/3
  1056 | D:2      | Noticed a phantom
  1126 | D:3      | Found Vudumi Fomo's Jewellery Emporium.
  1138 | D:3      | Reached skill level 1 in Dodging
  1670 | D:3      | Gained mutation: Your touch may inflict minor irresistible
                  | damage on your foes. [demonic ancestry]
  1670 | D:3      | Reached XP level 4. HP: 35/35 MP: 4/4
  1921 | D:2      | Noticed Sigmund
  2101 | D:1      | Killed a phantom
  2102 | D:1      | Reached XP level 5. HP: 41/42 MP: 5/5
  2320 | D:2      | Killed Sigmund
  2321 | D:2      | Reached skill level 4 in Fighting
  2321 | D:2      | Reached XP level 6. HP: 32/48 MP: 6/6
  2753 | D:4      | Found a glowing drain.
  2773 | Sewer    | Entered a sewer
  2806 | Sewer    | Gained mutation: Your touch may inflict irresistible damage
                  | on your foes. [demonic ancestry]
  2806 | Sewer    | Reached XP level 7. HP: 55/55 MP: 7/7
  3485 | D:4      | Found a runed translucent door.
  3486 | D:4      | Noticed Crazy Yiuf
  3492 | D:4      | Killed Crazy Yiuf
  3601 | D:4      | Noticed Ijyb
  3610 | D:4      | Killed Ijyb
  3734 | D:5      | Entered Level 5 of the Dungeon
  3734 | D:5      | Noticed a steam dragon
  3744 | D:5      | Killed a steam dragon
  3807 | D:5      | Found an ornate altar of the Wu Jian Council.
  3829 | D:5      | Found a snail-covered altar of Cheibriados.
  3833 | D:5      | Reached skill level 5 in Fighting
  3867 | D:5      | Gained mutation: You are partially covered in sharp spines.
                  | [demonic ancestry]
  3867 | D:5      | Reached XP level 8. HP: 49/62 MP: 8/8
  4203 | D:5      | Noticed Duvessa
  4214 | D:5      | Killed Duvessa
  4215 | D:5      | Noticed Dowan
  4222 | D:5      | Killed Dowan
  4608 | D:6      | Reached skill level 5 in Shields
  4736 | D:6      | Found a staircase to the Ecumenical Temple.
  4765 | D:6      | Reached skill level 5 in Armour
  4823 | Temple   | Entered the Ecumenical Temple
  4859 | Temple   | Became a worshipper of Makhleb the Destroyer
  5140 | D:6      | Reached skill level 1 in Invocations
  5303 | D:7      | Noticed Joseph
  5320 | D:7      | Killed Joseph
  5321 | D:7      | Reached skill level 6 in Fighting
  5321 | D:7      | Reached skill level 1 in Short Blades
  5321 | D:7      | Reached skill level 5 in Polearms
  5321 | D:7      | Reached skill level 1 in Stealth
  5321 | D:7      | Gained mutation: Your touch may irresistibly damage your
                  | foes and sap their willpower. [demonic ancestry]
  5321 | D:7      | Reached XP level 9. HP: 36/69 MP: 8/10
  5531 | D:7      | Found a hide-covered altar of Uskayaw.
  5667 | D:7      | Reached * piety under Makhleb
  5970 | D:7      | Noticed Maggie
  5985 | D:7      | Killed Maggie
  6507 | D:8      | Found a flagged portal.
  6591 | Bailey   | Entered a bailey
  6624 | Bailey   | Reached skill level 5 in Dodging
  6735 | Bailey   | Found a large runed translucent door.
  6735 | Bailey   | Found a large runed translucent door.
  6796 | Bailey   | Noticed an orc knight
  6854 | Bailey   | Killed an orc knight
  6854 | Bailey   | Reached ** piety under Makhleb
  6855 | Bailey   | Gained mutation: You sometimes emit foul miasma when
                  | damaged in melee. [demonic ancestry]
  6855 | Bailey   | Reached XP level 10. HP: 77/77 MP: 11/13
  6887 | Bailey   | Noticed a deep elf pyromancer
  7059 | Bailey   | Killed a deep elf pyromancer
  7129 | Bailey   | Identified the +3 dire flail of Amorality {protect, Fly rF+
                  | Str+3 Dex-5}
  7609 | D:8      | Found a shadowy altar of Dithmenos.
  7777 | D:8      | Noticed Psyche
  7897 | D:8      | Killed Psyche
  7898 | D:8      | Reached skill level 7 in Fighting
  8607 | D:9      | Noticed a two-headed ogre
  8619 | D:9      | Killed a two-headed ogre
  8620 | D:9      | Reached skill level 5 in Invocations
  8880 | D:9      | Noticed a two-headed ogre
  8891 | D:9      | Killed a two-headed ogre
  9070 | D:9      | Found a shimmering altar of Xom.
  9138 | D:10     | Entered Level 10 of the Dungeon
  9142 | D:10     | Noticed a two-headed ogre
  9228 | D:10     | Killed a two-headed ogre
  9229 | D:10     | Gained mutation: You punish those that try to bend your
                  | will. (Will+) [demonic ancestry]
  9229 | D:10     | Reached XP level 11. HP: 26/84 MP: 15/15
  9495 | D:10     | Reached *** piety under Makhleb
  9553 | D:10     | Found a hazy altar of Hepliaklqana.
 10196 | D:10     | Found a staircase to the Orcish Mines.
 10855 | Orc:1    | Entered Level 1 of the Orcish Mines
 10895 | Orc:1    | Reached **** piety under Makhleb
 10952 | Orc:1    | Noticed an orc sorcerer
 10965 | Orc:1    | Killed an orc sorcerer
 10966 | Orc:1    | Reached skill level 8 in Fighting
 10966 | Orc:1    | Reached skill level 5 in Stealth
 10998 | Orc:1    | Noticed an orc sorcerer
 11005 | Orc:1    | Killed an orc sorcerer
 11006 | Orc:1    | Reached skill level 5 in Short Blades
 11472 | Orc:2    | Entered Level 2 of the Orcish Mines
 11472 | Orc:2    | Noticed an orc sorcerer
 11478 | Orc:2    | Paralysed by an orc sorcerer for 3 turns
 11497 | Orc:2    | Killed an orc sorcerer
 11741 | Orc:2    | Noticed Snorg
 11763 | Orc:2    | Killed Snorg
 11855 | Orc:2    | Noticed an orc high priest
 11877 | Orc:2    | Killed an orc high priest
 11889 | Orc:2    | Noticed an orc high priest
 11900 | Orc:2    | Noticed a sixfirhy
 11901 | Orc:2    | HP: 3/87 [sixfirhy[an orc high priest] (9)]
 11916 | Orc:2    | Reached XP level 12. HP: 23/94 MP: 17/17
 11924 | Orc:2    | Killed an orc high priest
 11934 | Orc:2    | Noticed an orc high priest
 11947 | Orc:2    | Killed from afar by an orc priest

Illustrated notes

Levels and vault maps discovered:
D:1:      scummos_arrival_checkerplants, layout_loops_ring,
          dreamdust_princess_corridor, minmay_misc_feat_columns,
          serial_park_tiny_pond
D:2:      layout_basic, serial_undead, serial_undead_d, serial_undead_c,
          serial_undead_b, serial_undead_b, serial_undead_a, serial_undead_a,
          uniq_sigmund
D:3:      layout_basic, serial_shops, shop, minmay_pentomino_pile
D:4:      layout_loops_ring, gup_sewer_entry_pipe, serial_glass,
          glass_columns_c, glass_columns_a, glass_columns_b, glass_columns_b,
          glass_columns_b, glass_columns_b, uniq_ijyb, uniq_crazy_yiuf_cottage
D:5:      layout_loops_ring, lemuel_round_altar, kennysheep_slug_shrine,
          uniq_duvessa
D:6:      layout_rooms, minmay_temple_entry_oklob, serial_aquarium,
          aquarium_bridge_square [aquarium_subvault_wall,
          aquarium_subvault_window, aquarium_subvault_bridge,
          aquarium_subvault_window], aquarium_bridge_long_joined
          [aquarium_subvault_wall, aquarium_subvault_bridge,
          aquarium_subvault_wall, aquarium_subvault_balcony,
          aquarium_subvault_balcony, aquarium_subvault_balcony],
          aquarium_window_corridor_1, aquarium_window_2, aquarium_window_1,
          aquarium_window_1, aquarium_view_2c, aquarium_view_2g,
          aquarium_balcony_1a, aquarium_pool_2, minmay_misc_feat_chi
D:7:      layout_cave_pods, marbit_many_paths, kennysheep_small_circle,
          uniq_maggie, uniq_joseph
D:8:      layout_layer_cave, mainiacjoe_overflow_cross_hatched, tso_metal_star,
          enter_bailey_3, st_stairs_8, uniq_psyche
D:9:      layout_gridville, amcnicky_altar_gilded
D:10:     kennysheep_seaside_town, layout_stronghold,
          mainiacjoe_overflow_boulevard, david_orc_2
Temple:   regret_index_temple_generic_petals
Orc:1:    layout_caves
Orc:2:    st_orc_town, layout_caves, minmay_orc_keep, uniq_snorg

Skill      XL: |  1  2  3  4  5  6  7  8  9 10 11 |
---------------+----------------------------------+-----
Polearms       | 2 3 4 5 6 7 |  7.4
Armour         | 3 4 5 6 7 |  7.6
Shields        | 3 4 5 6 7 |  7.0
Dodging        | 1 2 3 4 5 6 |  6.8
Fighting       | 4 5 6 7 8 |  8.4
Invocations    | 1 4 5 7 |  7.6
Short Blades   | 1 3 4 5 |  5.5
Stealth        | 1 3 4 5 |  5.7

Action                     |  1- 3 |  4- 6 |  7- 9 | 10-12 || total
---------------------------+-------+-------+-------+-------++-------
  Melee: Trident           |    86 |       |       |       ||    86
         Rapier            |    14 |   104 |   305 |       ||   423
         Touch             |       |    13 |    54 |    91 ||   158
         Punch             |       |     1 |     2 |     6 ||     9
         Short sword       |       |       |       |   473 ||   473
         Unarmed           |       |       |       |     1 ||     1
   Fire: Shortbow          |       |       |   107 |    18 ||   125
         Sling             |       |       |       |     5 ||     5
  Throw: Dart              |       |       |    15 |     2 ||    17
    Use: Scroll            |       |     6 |     3 |     5 ||    14
         Potion            |       |     1 |       |     6 ||     7
   Stab: Sleeping          |       |       |       |     1 ||     1
 Armour: Scale mail        |    40 |    53 |   121 |   238 ||   452
         Chain mail        |       |       |   101 |       ||   101
  Dodge: Dodged            |    34 |    68 |   198 |   283 ||   583
  Block: Buckler           |    19 |     1 |       |       ||    20
         Other             |       |       |       |    55 ||    55
         Reflection        |       |       |       |     2 ||     2

Table legend: (Time is in decaauts)
 A = Elapsed time spent in this place.
 B = Non-inter-level travel time spent in this place.
 C = Inter-level travel time spent in this place.
 D = Time resting spent in this place.
 E = Time spent auto-exploring this place.
 F = Levels seen in this place.
 G = Mean time per level.
                   A        B        C        D        E       F      G
               +--------+--------+--------+--------+--------+-----+--------+
         Total |  12048 |  11649 |    399 |     25 |   8436 |  15 |  803.2 |
       Dungeon |   9792 |   9469 |    323 |     25 |   7380 |  10 |  979.2 |
        Temple |     67 |      4 |     63 |      0 |      0 |   1 |   67.0 |
  Orcish Mines |   1043 |   1030 |     13 |      0 |    717 |   2 |  521.5 |
         Sewer |    489 |    489 |      0 |      0 |    120 |   1 |  489.0 |
        Bailey |    655 |    655 |      0 |      0 |    219 |   1 |  655.0 |
               +--------+--------+--------+--------+--------+-----+--------+

Top non-repeatable levels by time:
     D:8: 1668 daAuts
    D:10: 1610 daAuts
     D:7: 1037 daAuts
     D:1: 995 daAuts
     D:4: 830 daAuts
     D:3: 776 daAuts
     D:5: 774 daAuts
     D:2: 759 daAuts
     D:6: 718 daAuts
  Bailey: 655 daAuts
     D:9: 621 daAuts
   Orc:1: 595 daAuts
   Sewer: 489 daAuts
   Orc:2: 447 daAuts
  Temple: 67 daAuts
